 Dungeon Crawl Stone Soup version 0.28.0-47-ge53b351184 (webtiles) character file.

Game seed: 12488629127636428611

186 pkoi the Insei (level 5, -7/42 HPs)
             Began as a Demigod Fighter on May 6, 2022.
             Mangled by an orc warrior
             ... wielding a +0 vampiric halberd
              (17 damage)
             ... on level 4 of the Dungeon.
             The game lasted 00:05:42 (5375 turns).

pkoi the Insei (Demigod Fighter)                    Turns: 5375, Time: 00:05:42

Health: -7/42      AC: 13    Str: 17    XL:     5   Next: 15%
Magic:  7/7        EV:  4    Int: 10    God:
Gold:   122        SH:  6    Dex: 17    Spells: 4/4 levels left

rFire   . . .      SeeInvis .   h - +1 short sword
rCold   . . .      Faith    .   b - +1 buckler
rNeg    . . .      Spirit   .   i - +0 plate armour
rPois   .          Reflect  .   (no helmet)
rElec   .          Harm     .   (no cloak)
rCorr   .          Rampage  .   e - +0 pair of gloves
Will    .....                   k - +0 pair of boots
Stlth   ..........              (no amulet)
HPRegen 0.14/turn               (no ring)
MPRegen 0.10/turn               (no ring)

@: no status effects
A: high MP 1, forlorn, divine attributes
a: no special abilities


You were on level 4 of the Dungeon.
You visited 1 branch of the dungeon, and saw 4 of its levels.

You collected 122 gold pieces.

Inventory:

Hand Weapons
 f - a +0 long sword
 g - a +0 club
 h - a +1 short sword (weapon)
 j - a +1 dagger of pain
Missiles
 d - 7 poisoned darts (quivered)
Armour
 a - a +0 scale mail
 b - a +1 buckler (worn)
 e - a +0 pair of gloves (worn)
 i - a +0 plate armour (worn)
 k - a +0 pair of boots (worn)
Scrolls
 n - a scroll of identify
Potions
 c - a potion of might
 l - a potion of flight {unknown}


   Skills:
 - Level 2.6 Fighting
 + Level 3.6 Armour
 + Level 3.6 Shields
 * Level 3.8 Unarmed Combat


You had 4 spell levels left.
You didn't know any spells.
Your spell library was empty.

Dungeon Overview and Level Annotations

Branches:
Dungeon (4/15)
 Temple: D:4-7

Shops:
D:3 (


Innate Abilities, Weirdness & Mutations

You have an increased reservoir of magic. (+10% MP)
You shall have no god before yourself.
Your divine heritage dramatically boosts your attributes as you level up.


Message History

The jelly is moderately wounded.
The jelly hits you but does no damage.
You barely miss the jelly.
The jelly is moderately wounded.
You block the jelly's attack.
You hit the jelly.
Your hands burn!
* * * LOW HITPOINT WARNING * * *
The jelly is heavily wounded.
The jelly hits you but does no damage.
You hit the jelly but do no damage.
Your hands burn!
* * * LOW HITPOINT WARNING * * *
The jelly is heavily wounded.
The jelly barely misses you.
You hit the jelly.
Your hands burn!
* * * LOW HITPOINT WARNING * * *
The jelly is severely wounded.
The jelly hits you but does no damage.
You hit the jelly but do no damage. The acid corrodes you!
Your hands burn!
* * * LOW HITPOINT WARNING * * *
The jelly is severely wounded.
The jelly hits you but does no damage. The jelly barely misses you.
You hit the jelly but do no damage.
Your hands burn!
* * * LOW HITPOINT WARNING * * *
The jelly is severely wounded.
You block the jelly's attack.
You hit the jelly but do no damage.
Your hands burn!
* * * LOW HITPOINT WARNING * * *
The jelly is severely wounded.
The jelly hits you.
* * * LOW HITPOINT WARNING * * *
You are splashed with acid!
* * * LOW HITPOINT WARNING * * *
You see here a +0 dagger.
You aren't carrying any items that you can evoke.
Unknown command.
The jelly jiggles.
You are no longer corroded.
The orc warrior shouts!
The orc warrior hits you from afar with a +0 vampiric halberd!
You die...

#..#.o.........#........)<..#.
####o.####.#.##...............
#.o.# ##..##...............
...........##..............
..o......## #..##...........
.........####..###..........
.........##.#J.## #.........#
........###....# #...........
.....o.@### #..........#
...##....# .......#.... .
#..............###.
##....#......... .....# ...
....... .. ........ .
##........


You could see an orc warrior and a jelly.

Vanquished Creatures
  A gnoll shaman (D:2)
  A hound skeleton (D:3)
  3 adders
  5 gnolls
  3 worms
  2 dart slugs
  An orc (D:3)
  7 endoplasms
  A giant cockroach (D:3)
  6 goblins
  6 hobgoblins
  3 jackals (D:4)
  4 quokkas
  2 ball pythons
  3 bats
  A frilled lizard (D:1)
  5 kobolds
  5 rats
59 creatures vanquished.

Notes
Turn   | Place    | Note
-------+----------+-------------------------------------------
     0 | D:1      | pkoi the Demigod Fighter began the quest for the Orb.
     0 | D:1      | Reached XP level 1. HP: 18/18 MP: 3/3
   611 | D:1      | Reached XP level 2. HP: 21/25 MP: 4/4
   672 | D:1      | You fall into a shaft and drop 1 floor!
  2283 | D:2      | Reached XP level 3. HP: 26/30 MP: 5/5
  3618 | D:3      | Reached XP level 4. HP: 22/37 MP: 6/6
  3842 | D:3      | Found Giq Oxeyse's Weapon Shoppe.
  4694 | D:3      | Reached XP level 5. HP: 42/42 MP: 7/7
  5050 | D:4      | Noticed an orc warrior
  5375 | D:4      | Mangled by an orc warrior

Illustrated notes

Levels and vault maps discovered:
D:1:      tarquinn_simple_flora_water_d, layout_basic,
          ebering_ecumenical_altar_hall
D:2:      layout_basic, basic_altar
D:3:      layout_basic, serial_shops, nicolae_shop_bloodbath_and_beyond
D:4:      layout_cave_pools, chequers_ossuary_entry_cave, minmay_manual_maat,
          uniq_ijyb

Skill      XL: |  1  2  3 |
---------------+----------+-----
Unarmed Combat | 2 3 |  3.8
Armour         | 3 |  3.6
Shields        | 3 |  3.6
Fighting       | |  2.6

Action                   |  1- 3 |  4- 6 || total
-------------------------+-------+-------++-------
Melee: Unarmed           |    33 |       ||    33
       Short sword       |   154 |   124 ||   278
       Punch             |     3 |       ||     3
  Use: Scroll            |     6 |     3 ||     9
Armor: Scale mail        |    22 |       ||    22
       Plate armour      |    60 |    78 ||   138
Dodge: Dodged            |    54 |    33 ||    87
Block: Buckler           |    24 |    36 ||    60
